 Dungeon Crawl Stone Soup version 0.19-a0-1183-gcd7e582 (webtiles) character file.

938 Kugarra the Jinx (level 7, -1/32 HPs)
             Began as a Spriggan Enchanter on Aug 18, 2016.
             Slain by a killer bee (7 damage)
             ... on level 6 of the Dungeon.
             The game lasted 00:38:46 (4593 turns).

Kugarra the Jinx (Spriggan Enchanter)               Turns: 4593, Time: 00:38:47

Health: -1/32      AC:  4    Str:  7    XL:     7   Next: 87%
Magic:  2/16       EV: 18    Int: 18    God:
Gold:   285        SH:  0    Dex: 17    Spells: 3 memorised, 10 levels left

rFire  . . .     SeeInvis +     a - +2 dagger
rCold  . . .     Gourm    .     b - +1 robe
rNeg   . . .     Faith    .     (shield restricted)
rPois  .         Spirit   .     (helmet restricted)
rElec  .         Dismiss  .     o - +0 cloak
rCorr  .         Reflect  .     (gloves unavailable)
MR     +....     Harm     .     (boots unavailable)
Stlth  +++.......               t - amulet of rage
                                u - +3 ring of slaying
                                m - +3 ring of strength

@: about to teleport, very slightly contaminated, very quick
A: unfitting armour, see invisible, herbivore 3, speed 3, slow metabolism 2
a: Evoke Berserk Rage


You were on level 6 of the Dungeon.
You were not hungry.

You visited 1 branch of the dungeon, and saw 6 of its levels.

You collected 285 gold pieces.

Inventory:

Hand Weapons
 a - a +2 dagger (weapon)
Armour
 b - a +1 robe (worn)
 o - a +0 cloak (worn)
Jewellery
 m - a +3 ring of strength (left hand)
 r - an uncursed ring of wizardry
 t - an amulet of rage (around neck)
 u - a +3 ring of slaying (right hand)
Wands
 y - a wand of paralysis (10/24)
Scrolls
 g - a scroll of magic mapping
 h - a scroll of enchant weapon
 k - 2 scrolls of teleportation
 l - a scroll of remove curse
 w - a scroll of enchant armour {unknown}
 z - 2 scrolls of identify
Potions
 e - 2 potions of agility
 f - a potion of mutation
 i - 5 potions of curing
 j - a potion of brilliance {unknown}
 p - a potion of invisibility {unknown}
 q - a potion of lignification {unknown}
 s - 3 potions of might {unknown}
 v - a potion of beneficial mutation {unknown}
Books
 c - a book of Maledictions

   Spells                             Type                      Level
   a - Corona                         Hexes                        1
   b - Ensorcelled Hibernation        Hexes/Ice                    2
   c - Confuse                        Hexes                        3
   d - Tukima's Dance                 Hexes                        3
   e - Dazzling Spray                 Conjuration/Hexes            3
Comestibles
 d - 6 bread rations
 n - a slice of pizza
 x - a royal jelly


   Skills:
 - Level 5.2 Short Blades
 - Level 3.0 Dodging
 - Level 4.4 Stealth
 * Level 5.3 Spellcasting
 - Level 8.0 Hexes
 - Level 2.0 Ice Magic


You had 10 spell levels left.
You knew the following spells:

 Your Spells              Type           Power        Failure   Level  Hunger
a - Corona                Hex            ####...      1%          1    None
b - Ensorcelled Hibernat  Hex/Ice        ###...       2%          2    #......
c - Confuse               Hex            ####....     1%          3    ##.....


Dungeon Overview and Level Annotations

Branches:
Dungeon (6/15)
 Temple: D:4-7

Altars:
Elyvilon


Innate Abilities, Weirdness & Mutations

You are tiny and cannot use many weapons and most armour.
You have supernaturally acute eyesight. (SInv)
You are a herbivore.
You cover ground extremely quickly.
You need consume almost no food.


Message History

Casting: Ensorcelled Hibernation
Confirm with . or Enter, or press ? or * to list all spells.
Aiming: Ensorcelled Hibernation
Press: ? - help, Shift-Dir - straight line, f/p - killer bee
Aim: a killer bee (chance to defeat MR: 61%)
The killer bee is unaffected.
The killer bee barely misses you. The killer bee misses you.
Casting: Ensorcelled Hibernation
Confirm with . or Enter, or press ? or * to list all spells.
Aiming: Ensorcelled Hibernation
Press: ? - help, Shift-Dir - straight line, f/p - killer bee
Aim: a killer bee (chance to defeat MR: 61%)
The killer bee is unaffected.
The killer bee barely misses you. The killer bee stings you.
* * * LOW HITPOINT WARNING * * *
The killer bee closely misses you.
As you read the scroll of teleportation, it crumbles to dust.
You feel strangely unstable. The killer bee closely misses you.
The killer bee stings you!
You die...

##### #...# #. #...# .. #...# #.#
######## #...# #.#
.......#########...# #.#
.....#[............# .# #.#
.....###......##.### #.# #.#
.#######P....P##@# #.# #.#
......##P≈.P≈≈##y#########.###.##
......###P.≈≈P##.y.y........§.y..
......# #..^P###.######....###.##
......# #P.≈.# #.# #....# #†#
......# #P.P## #.# #....# #.#
.....## #^.^# #.# #....# #.##
.....# #..P# #.# ####.# #...
.....# #..P# #.# #.#####.


You could see 2 killer bees.

Vanquished Creatures
  An orc warrior (D:6)
  A black bear (D:6)
  A killer bee (D:6)
  A scorpion (D:4)
  4 vampire bats (D:5)
  A crimson imp (D:6)
  2 orc priests
  2 orc wizards
  A centaur skeleton (D:6)
  Terence (D:3)
  2 worker ants
  A hound zombie (D:6)
  2 hound skeletons
  3 gnolls
  3 adders
  A shadow imp (D:6)
  2 oozes
  A worm (D:3)
  A dart slug (D:1)
  4 giant geckos
  17 orcs
  15 bats
  4 giant cockroaches
  9 goblins
  8 hobgoblins
  12 jackals
  2 quokkas
  3 ball pythons
  6 giant newts
  8 kobolds
  A quokka skeleton (D:5)
  8 rats
128 creatures vanquished.

Notes
Turn   | Place    | Note
-------+----------+-------------------------------------------
     0 | D:1      | Kugarra the Spriggan Enchanter began the quest for the Orb.
     0 | D:1      | Reached XP level 1. HP: 9/9 MP: 5/5
   150 | D:1      | Reached XP level 2. HP: 13/13 MP: 6/6
   264 | D:1      | Learned a level 2 spell: Ensorcelled Hibernation
   457 | D:1      | Reached XP level 3. HP: 15/16 MP: 8/8
  1105 | D:2      | Learned a level 3 spell: Confuse
  1121 | D:2      | Found a white marble altar of Elyvilon.
  1828 | D:3      | Reached XP level 4. HP: 21/21 MP: 9/9
  2329 | D:3      | Noticed Terence
  2335 | D:3      | Killed Terence
  2335 | D:3      | Reached skill level 5 in Short Blades
  2500 | D:4      | Reached skill level 4 in Hexes
  2500 | D:4      | Reached XP level 5. HP: 24/24 MP: 10/10
  2652 | D:4      | Reached skill level 5 in Hexes
  2962 | D:4      | Reached XP level 6. HP: 12/28 MP: 3/11
  3303 | D:5      | Entered Level 5 of the Dungeon
  3308 | D:5      | Reached skill level 6 in Hexes
  3909 | D:5      | Reached skill level 7 in Hexes
  3934 | D:5      | Reached XP level 7. HP: 23/32 MP: 6/12
  3950 | D:5      | Reached skill level 8 in Hexes
  4549 | D:6      | Reached skill level 5 in Spellcasting
  4593 | D:6      | Slain by a killer bee

Vault maps used:
D:1:      lemuel_arrival_hallway
D:2:      elyvilon_altar_1, minmay_pentomino_z2
D:3:      first_bread, uniq_terence
D:4:      abandoned_shop
D:5:      roderic_batcave
D:6:      kennysheep_steamy, lightli_sewer_entry_pipes

Skill      XL: |  1  2  3  4  5  6  7 |
---------------+----------------------+-----
Short Blades   | 2 3 4 5 |  5.2
Hexes          | 4 5 7 8 |  8.0
Ice Magic      | 2 |  2.0
Spellcasting   | 5 |  5.3
Dodging        | |  3.0
Stealth        | |  4.4

Action                   |  1- 3 |  4- 6 |  7- 9 || total
-------------------------+-------+-------+-------++-------
Melee: Dagger            |   227 |   173 |    42 ||   442
 Cast: Ensorcelled Hiber |     4 |    29 |    20 ||    53
       Confuse           |       |     3 |       ||     3
  Use: Scroll            |     9 |     5 |     2 ||    16
       Potion            |       |       |     1 ||     1
 Stab: Sleeping          |    17 |    28 |    12 ||    57
       Confused          |       |     2 |       ||     2
  Eat: Bread ration      |       |     1 |       ||     1
Armor: Robe              |    30 |    23 |     9 ||    62
Dodge: Dodged            |   164 |   119 |    42 ||   325
